 Dungeon Crawl Stone Soup version 0.30-a0-782-ge64f9170bb (webtiles) character file.

Game seed: 15026254543084831016

492892 CrazyBamboolord the Conqueror (level 23, -7/240 HPs)
             Began as a Minotaur Chaos Knight on Feb 27, 2023.
             Was a Favourite Plaything of Xom.
             Mangled by Vv (9 damage)
             ... while paralysed by you
             ... on level 4 of the Depths on Feb 28, 2023.
             The game lasted 02:09:43 (50066 turns).

CrazyBamboolord the Conqueror (MiCK)               Turns: 50066, Time: 02:09:43

Health: -7/240     AC: 35    Str: 28    XL:     23   Next: 62%
Magic:  19/19      EV:  2    Int:  9    God:    Xom [......]
Gold:   3955       SH:  0    Dex: 18    Spells: 22/22 levels left

rFire   + + +      SeeInvis +    P - +8 demon blade "Leech" {evervamp, Harm Drain rN+}
rCold   + + .      Faith    .    K - +0 kite shield {AC+3}
rNeg    + . .      Spirit   .    x - +4 gold dragon scales
rPois   +          Reflect  .    (helmet restricted)
rElec   +          Harm     +    h - scarf {repulsion}
rCorr   +          Rampage  .    v - +2 pair of gloves {Stlth+}
Will    +++..                    (no boots) Stlth
                                 u - amulet of No Interval {RegenMP rElec rPois Regen+ rCorr}
HPRegen 1.40/turn                H - ring of Departure {rF+ Will+ Str+8 SInv Stlth-}
MPRegen 0.56/turn                y - ring "Kuric" {rF+ Will+}

@: paralysed, resistant, slowed, repel missiles
A: horns 2, retaliatory headbutt, low MP 1, sense surroundings 1, evolution 1
}: 3/15 runes: decaying, serpentine, silver
a: Renounce Religion


You were on level 4 of the Depths.
You worshipped Xom.
You were a very special plaything of Xom.
You visited 8 branches of the dungeon, and saw 42 of its levels.
You visited 1 bazaar.
You also visited: Sewer, Gauntlet and Wizlab.

You collected 6986 gold pieces.
You spent 3031 gold pieces at shops.

Inventory:

Hand Weapons
 b - a +8 long sword of flaming
 l - the +9 great sword "Wenk" {heavy, rElec}
   (You bought it in a shop in a bazaar)

   rElec:     It insulates you from electricity.
 P - the +8 demon blade "Leech" (weapon) {evervamp, Harm Drain rN+}
   (You took it off a minotaur in a Gauntlet)

   rN:        It protects you from negative energy.
   Drain:     It drains your maximum health when unequipped.
   Harm:      It increases damage dealt and taken.
Missiles
 t - 4 throwing nets
Armour
 h - a scarf of repulsion (worn)
 v - a +2 pair of gloves of stealth (worn)
 x - +4 gold dragon scales (worn)
 E - a +2 cloak of willpower
 K - a +0 kite shield of protection (worn)
Jewellery
 c - the ring "Hahuvev" {*Corrode rC+ Will+ Dex+3}
   (Xom gifted it to you on level 1 of the Depths)

   [ring of willpower]

   Dex:       It affects your dexterity (+3).
   rC:        It protects you from cold.
   *Corrode:  It may corrode you when you take damage.
   Will:      It increases your willpower.
 f - a ring of ice
 g - the macabre finger necklace {Finger+ rN+}
   (You found it on level 3 of the Depths)

   [amulet of nothing]

   Finger+:   It enables you to equip an extra ring.
   rN:        It protects you from negative energy.
 u - the amulet of No Interval (around neck) {RegenMP rElec rPois Regen+ rCorr}
   (You acquired it on level 13 of the Dungeon)

   [amulet of magic regeneration]

   It increases your rate of magic regeneration.
   rElec:     It insulates you from electricity.
   rPois:     It protects you from poison.
   Regen:     It increases your rate of health regeneration.
   rCorr:     It protects you from acid and corrosion.
 w - the ring of Pybiq {rN+ MP+9}
   (You found it on level 5 of the Vaults)

   [ring of magical power]

   rN:        It protects you from negative energy.
   MP:        It affects your magic capacity (+9).
 y - the ring "Kuric" (right hand) {rF+ Will+}
   (You found it in a Gauntlet)

   [ring of willpower]

   rF:        It protects you from fire.
   Will:      It increases your willpower.
 G - a ring of flight
 H - the ring of Departure (left hand) {rF+ Will+ Str+8 SInv Stlth-}
   (You bought it in a shop on level 1 of the Snake Pit)

   [ring of willpower]

   Str:       It affects your strength (+8).
   rF:        It protects you from fire.
   SInv:      It lets you see invisible.
   Will:      It increases your willpower.
   Stlth:     It makes you less stealthy.
 I - a ring of protection from cold
Wands
 n - a wand of flame (65)
 B - a wand of charming (55)
 C - a wand of acid (4)
 D - a wand of mindburst (31)
 L - a wand of polymorph (41)
 O - a wand of digging (8)
 Z - a wand of iceblast (38) (quivered)
Scrolls
 e - 6 scrolls of teleportation
 k - 5 scrolls of poison
 o - 6 scrolls of fog
 A - 4 scrolls of silence
 J - 2 scrolls of summoning
 Q - 4 scrolls of fear
 R - a scroll of enchant weapon
 S - 6 scrolls of immolation
 T - 7 scrolls of magic mapping
 V - a scroll of torment
 Y - 4 scrolls of brand weapon
Potions
 a - 3 potions of invisibility
 d - a potion of heal wounds
 i - 8 potions of magic
 j - 5 potions of might
 m - 5 potions of flight
 p - 5 potions of resistance
 q - 4 potions of haste
 r - 5 potions of mutation
 s - 8 potions of ambrosia
 z - 22 potions of curing
 F - 8 potions of cancellation
 M - 10 potions of lignification
 N - 3 potions of berserk rage
 U - 4 potions of brilliance


   Skills:
 O Level 27 Fighting
 - Level 25.8 Long Blades
 * Level 23.3 Armour
 * Level 16.9 Dodging
 * Level 20.6 Shields
 - Level 1.2 Evocations


You had 22 spell levels left.
You didn't know any spells.
Your spell library contained the following spells:

 Spells                   Type           Power      Damage    Failure   Level
 Apportation              Tloc           0%         N/A       99%         1
 Beastly Appendage        Tmut           0%         N/A       99%         1
 Foxfire                  Conj/Fire      0%         2x1d4     99%         1
 Magic Dart               Conj           0%         1d3       99%         1
 Slow                     Hex            0%         N/A       99%         1
 Sting                    Tmut/Pois      0%         1d3       99%         1
 Summon Small Mammal      Summ           0%         N/A       99%         1
 Ensorcelled Hibernation  Hex/Ice        0%         N/A       100%        2
 Lesser Beckoning         Tloc           0%         N/A       100%        2
 Passwall                 Tmut/Erth      0%         N/A       100%        2
 Poisonous Vapours        Pois/Air       0%         N/A       100%        2
 Scorch                   Fire           0%         2d5       100%        2
 Searing Ray              Conj           0%         2d4       100%        2
 Sublimation of Blood     Necr           0%         N/A       100%        2
 Wereblood                Tmut           0%         N/A       100%        2
 Call Canine Familiar     Summ           0%         N/A       100%        3
 Confusing Touch          Hex            0%         N/A       100%        3
 Gell's Gravitas          Tloc           0%         N/A       100%        3
 Inner Flame              Hex/Fire       0%         N/A       100%        3
 Ozocubu's Armour         Ice            0%         N/A       100%        3
 Portal Projectile        Hex/Tloc       0%         N/A       100%        3
 Spider Form              Tmut/Pois      0%         N/A       100%        3
 Summon Guardian Golem    Hex/Summ       0%         N/A       100%        3
 Swiftness                Air            0%         N/A       100%        3
 Teleport Other           Tloc           0%         N/A       100%        3
 Vampiric Draining        Necr           0%         2d6       100%        3
 Animate Armour           Summ/Erth      0%         N/A       100%        4
 Animate Dead             Necr           0%         N/A       100%        4
 Cause Fear               Hex            0%         N/A       100%        4
 Flame Wave               Conj/Fire      0%         2d4       100%        4
 Fulminant Prism          Conj/Hex       0%         3d5       100%        4
 Leda's Liquefaction      Hex/Erth       0%         N/A       100%        4
 Manifold Assault         Tloc           0%         N/A       100%        4
 Olgreb's Toxic Radiance  Pois           0%         N/A       100%        4
 Passage of Golubria      Tloc           0%         N/A       100%        4
 Petrify                  Tmut/Erth      0%         N/A       100%        4
 Summon Ice Beast         Ice/Summ       0%         N/A       100%        4
 Alistair's Intoxication  Tmut/Pois      0%         N/A       100%        5
 Arcjolt                  Conj/Air       0%         1d10      100%        5
 Blade Hands              Tmut           0%         N/A       100%        5
 Borgnjor's Vile Clutch   Necr/Erth      0%         N/A       100%        5
 Fireball                 Conj/Fire      0%         3d3       100%        5
 Irradiate                Conj/Tmut      0%         3d11      100%        5
 Iskenderun's Battlesphe  Conj           0%         2d6       100%        5
 Lightning Bolt           Conj/Air       0%         1d11      100%        5
 Metabolic Englaciation   Hex/Ice        0%         N/A       100%        5
 Silence                  Hex/Air        0%         N/A       100%        5
 Summon Forest            Summ/Tloc      0%         N/A       100%        5
 Summon Mana Viper        Hex/Summ       0%         N/A       100%        5
 Yara's Violent Unravell  Hex/Tmut       0%         3d3       100%        5
 Conjure Ball Lightning   Conj/Air       0%         3x3d6     100%        6
 Death Channel            Necr           0%         N/A       100%        6
 Dispersal                Tloc           0%         N/A       100%        6
 Eringya's Noxious Bog    Tmut/Pois      0%         N/A       100%        6
 Iron Shot                Conj/Erth      0%         9d1       100%        6
 Simulacrum               Ice/Necr       0%         N/A       100%        6
 Starburst                Conj/Fire      0%         6d3       100%        6
 Statue Form              Tmut/Erth      0%         N/A       100%        6
 Summon Cactus Giant      Summ           0%         N/A       100%        6
 Dragon Form              Tmut           0%         N/A       100%        7
 Enfeeble                 Hex            0%         N/A       100%        7
 Haunt                    Necr/Summ      0%         N/A       100%        7
 Monstrous Menagerie      Summ           0%         N/A       100%        7
 Orb of Destruction       Conj           0%         9d5       100%        7
 Ozocubu's Refrigeration  Ice            0%         4d7       100%        7
 Spellforged Servitor     Conj/Summ      0%         N/A       100%        7
 Summon Hydra             Summ           0%         N/A       100%        7
 Discord                  Hex            0%         N/A       100%        8
 Disjunction              Tloc           0%         N/A       100%        8
 Ignition                 Fire           0%         3d3       100%        8
 Infestation              Necr           0%         N/A       100%        8
 Lehudib's Crystal Spear  Conj/Erth      0%         10d2      100%        8
 Chain Lightning          Conj/Air       0%         N/A       100%        9
 Dragon's Call            Summ           0%         N/A       100%        9
 Fire Storm               Conj/Fire      0%         5d1       100%        9
 Shatter                  Erth           0%         3d5*      100%        9


Dungeon Overview and Level Annotations

Branches:
Dungeon (15/15)            Temple (0/1) D:5            Lair (5/5) D:8
  Swamp (4/4) Lair:3        Snake (4/4) Lair:2        Slime (0/5) Lair:4
    Orc (2/2) D:9             Elf (3/3) Orc:2        Vaults (5/5) D:14
  Crypt (0/3) Vaults:3     Depths (4/4) D:15          Sewer (visited)
 WizLab (visited)         Gauntlet (visited)
    Zot: Depths:4

Altars:
Cheibriados
Elyvilon
Gozag
Okawaru
Uskayaw
Xom
Jiyva

Shops:
D:3 (   D:7 =:=(:   D:15 ?   Orc:2 ?[:!   Elf:3 [   Snake:1 :==   Snake:3 (
Vaults:4 *   Vaults:5 *

Portals:
Hell: Depths:1 Depths:2 Depths:3
Abyss: Depths:1 Depths:2 Depths:3
Pandemonium: Depths:2 Depths:3
Ziggurat: Depths:1

Annotations:
Elf:2 3 runed translucent doors, zibby's ghost, journeyman HOFi
Vaults:4 3 runed translucent doors, exclusion: obsidian statue, Quini's ghost, adept DjFE
Depths:4 Parghit; Vv


Innate Abilities, Weirdness & Mutations

You have a pair of horns on your head.
You reflexively headbutt those who attack you in melee.
Your magical capacity is low. (-10% MP)
You passively map a small area around you.
You have hidden genetic potential.


Message History

The walking earthen tome hits you but does no damage.
A frost giant comes into view.
It is wielding a +1 battleaxe of freezing.
Vv hits you! Vv freezes you!! You resist.
* * * LOW HITPOINT WARNING * * *
Vv hits you but does no damage.
The hell knight mumbles some strange prayers to its god.
The hell knight seems to speed up.
Parghit completely misses you. Parghit claws you.
* * * LOW HITPOINT WARNING * * *
Parghit claws you.
* * * LOW HITPOINT WARNING * * *
The golden dragon bites you but does no damage.
The golden dragon claws you but does no damage.
The golden dragon tramples you but does no damage.
A stone giant comes into view.
The living spell casts itself at you.
The black draconian knight is moving more slowly.
The black draconian knight hits you with a +0 battleaxe.
* * * LOW HITPOINT WARNING * * *
You are engulfed in seething chaos.
You feel protected.
The black draconian knight completely misses you.
The frost giant drinks a potion.
The frost giant's spells are empowered!
Vv hits you.
* * * LOW HITPOINT WARNING * * *
Vv freezes you! You resist.
* * * LOW HITPOINT WARNING * * *
Vv hits you but does no damage. Parghit bites you but does no damage.
Parghit claws you but does no damage. x2
The golden dragon breathes cold at you. The bolt of cold hits you! You resist.
* * * LOW HITPOINT WARNING * * *
The walking earthen tome erupts in a flurry of living spells!
You are engulfed in seething chaos.
You feel yourself slow down.
The black draconian knight hits you but does no damage.
Vv hits you but does no damage. Vv hits you!
* * * LOW HITPOINT WARNING * * *
You are engulfed in flames!
You resist.
You die...
Xom chuckles heartily!

...........## #..#
#.........#####..# , ,
##.......##...ppp#
###...###....dCd#
####.8.# #.####pp# ,
...#.#.###.# #Cp# *
...........# #pC# * ,
...........# #9T# ,*
....#####..# #;@# *
....# #..# #Dq#
....#####..# #*d#####.,
...........# #CCd.....
...........# *#........
..............C........
,
.......................
^.........#####........
, ..........# #........


You could see Vv, Parghit, a black draconian knight (fast, invisible,
petrifying), a golden dragon (catching breath, corona), a frost giant
(empowered), a walking earthen tome, a yellow draconian (corona), a purple
draconian (corona), a red draconian (corona), a white draconian, 2 fire giants,
3 stone giants, 7 hell knights and a living spell (summoned).

Vanquished Creatures
  A dread lich (Vaults:5)
  A juggernaut (Depths:3)
  Margery (Vaults:4)
  A shard shrike (Vaults:4)
  Bai Suzhen (Swamp:3)
  Nikola (Vaults:3)
  the Enchantress (Depths:3)
  2 golden dragons (Vaults:4)
  Jorgrun (Swamp:2)
  A hellephant (Vaults:5)
  A lich (Depths:3)
  3 tentacled monstrosities
  3 titans (Vaults:5)
  2 deep elf master archers (Elf:3)
  2 walking frostbound tomes (WizLab)
  3 quicksilver dragons (Vaults:5)
  A walking earthen tome (WizLab)
  2 deep elf blademasters (Elf:3)
  3 sphinxes
  7 tengu reavers
  Agnes (Elf:2)
  A thorn hunter (Swamp:3)
  2 nagarajas (Snake:4)
  4 storm dragons
  Kirke (D:12)
  A strange machine (WizLab)
  A fenstrider witch (Swamp:1)
  Donald (Elf:1)
  4 shadow dragons
  4 deep elf sorcerers
  10 fire giants
  Louise (Swamp:4)
  4 frost giants
  12 vault wardens
  2 orc warlords (Vaults:2)
  Aizul (Swamp:2)
  A deep elf elementalist (Elf:2)
  A curse skull (Vaults:3)
  3 spriggan defenders
  A cacodemon (Depths:3)
  14 stone giants
  A draconian annihilator (Depths:4)
  27 ironbound preservers
  18 very ugly things
  3 war gargoyles
  A broodmother (shapeshifter) (Vaults:5)
  8 ironbound thunderhulks
  5 deep elf demonologists
  6 deep elf annihilators
  3 vampire knights
  4 dire elephants
  A purple draconian (Depths:4)
  2 bunyips
  5 eleionomae
  A minotaur (Gauntlet)
  5 spark wasps
  10 ettins
  A merfolk javelineer (Depths:4)
  8 fire dragons
  5 deep elf death magi
  2 entropy weavers
  14 yaktaur captains
  3 deep elf high priests
  A spriggan zombie (Depths:3)
  7 great orbs of eyes
  A shambling mangrove (Swamp:3)
  Harold (D:10)
  43 vault guards
  14 ice dragons
  9 hydras
  A salamander tyrant (Snake:4)
  13 rakshasas
  4 ogre magi (Orc:2)
  6 centaur warriors
  2 ghost crabs
  8 ironbound frosthearts
  A catoblepas (Lair:2)
  4 spriggan air magi
  22 anacondas
  27 two-headed ogres
  2 hell hogs (Depths:1)
  An alligator snapping turtle (Swamp:2)
  8 deep troll shamans
  8 deep troll earth magi
  A satyr (D:14)
  6 tengu warriors
  A boulder beetle (Vaults:1)
  7 alligators
  2 vampire magi
  5 naga warriors
  29 dancing weapons
  7 shock serpents
  15 spriggans
  11 naga sharpshooters
  10 sun demons (Depths:1)
  An orc high priest (Orc:2)
  9 spriggan berserkers
  6 hell knights
  24 deep elf knights
  7 iron trolls
  The ghost of Qestes the Cleaver, a novice MiGl of Qazlal (D:7)
  2 shadow wraiths
  A titan skeleton (Vaults:4)
  A storm dragon skeleton (Vaults:4)
  60 deep trolls
  A golden dragon zombie (Depths:3)
  6 salamander mystics
  6 skeletal warriors
  Lodul (D:12)
  8 glowing orange brains
  A glowing orange brain (shapeshifter) (Depths:1)
  6 bog bodies
  5 swamp dragons
  2 death drakes
  6 goliath frogs
  5 spriggan druids
  16 wizards
  2 naga ritualists (Snake:4)
  12 ironbound convokers
  14 lindwurms
  5 orc knights
  18 deep elf archers
  3 phantasmal warriors
  2 flayed ghosts
  24 deep elf pyromancers
  32 deep elf zephyrmancers
  11 mana vipers
  2 will-o-the-wisps (Swamp:3)
  59 ugly things
  4 cyclopes
  A salamander (shapeshifter) (Elf:3)
  17 salamanders
  6 necromancers
  2 manticores
  3 wolf spiders
  A fire giant zombie (Depths:3)
  4 shining eyes (Depths:1)
  An orc sorcerer (Orc:2)
  A rust devil (Depths:3)
  Maurice (D:8)
  10 guardian serpents
  A moth of wrath (shapeshifter) (D:15)
  14 naga magi
  7 elephants
  18 vault sentinels
  27 black mambas
  5 large abominations (Depths:3)
  A stone giant skeleton (Vaults:2)
  2 torpor snails
  A cane toad (shapeshifter) (Elf:1)
  An unseen horror (D:10)
  2 smoke demons
  2 gargoyles
  10 cane toads
  A komodo dragon (Lair:4)
  34 yaktaurs
  A komodo dragon (shapeshifter) (Depths:3)
  A kobold demonologist (D:9)
  5 freezing wraiths
  An ice devil (Depths:3)
  4 tengu conjurers
  2 hellwings (Depths:3)
  A polar bear (Lair:1)
  6 tyrant leeches
  A wind drake (shapeshifter) (Elf:1)
  2 trolls
  A wind drake (Lair:1)
  A tarantella (shapeshifter) (Vaults:3)
  A raiju (Swamp:3)
  3 meliai (D:11)
  10 hornets
  A dream sheep (shapeshifter) (Elf:3)
  7 dream sheep (Lair:4)
  9 blink frogs
  2 jumping spiders (Gauntlet)
  28 slime creatures
  6 air elementals
  3 shadows
  11 water elementals
  45 yaks
  A yak (shapeshifter) (Lair:3)
  2 vampires
  10 wraiths
  14 wyverns
  7 hogs (D:12)
  3 redbacks
  A steam dragon (D:10)
  5 basilisks
  2 fire elementals (Elf:1)
  4 swamp worm simulacra (Swamp:4)
  6 vampire mosquitoes
  5 wargs
  31 nagas
  17 swamp worms
  16 hydra simulacra (Swamp:4)
  4 acid dragons
  26 water moccasins
  A swamp worm (shapeshifter) (Lair:3)
  A floating eye (Depths:1)
  3 human skeletons
  2 black bears
  A glowing shapeshifter skeleton (Vaults:2)
  7 small abominations (Depths:3)
  2 swamp drakes (Swamp:1)
  An ice beast (D:6)
  Duvessa (D:6)
  7 orc warriors
  A tengu (D:9)
  38 ogres
  5 boggarts (Vaults:1)
  A boggart (shapeshifter) (Vaults:5)
  10 wolves
  17 centaurs
  A phantom (D:5)
  2 kobold brigands
  10 bullfrogs
  4 scorpions
  3 earth elementals
  3 gnoll sergeants
  A necrophage (D:5)
  3 wights (D:8)
  Dowan (D:6)
  12 killer bees
  6 howler monkeys
  5 quasits (D:7)
  4 hounds
  2 jellies
  A gnoll bouda (D:8)
  10 orc priests
  Crazy Yiuf (D:6)
  8 iguanas
  2 hell rats
  14 orc wizards
  20 gnolls
  5 adders
  3 river rats (Sewer)
  2 shadow imps (D:7)
  A white imp (D:8)
  An ufetubus (D:5)
  3 swamp drake simulacra (Swamp:4)
  5 worms
  40 orcs
  16 ball pythons
  4 bats
  5 endoplasms
  5 giant cockroaches
  8 goblins
  10 hobgoblins
  8 jackals
  16 kobolds
  A quokka (D:4)
  3 training dummies (D:7)
  3 frilled lizards
  13 rats
  A fire vortex (Depths:1)
1724 creatures vanquished.

Vanquished Creatures (collateral kills)
  A fire giant (Depths:1)
  A deep elf elementalist (Elf:2)
  2 ironbound preservers
  A great orb of eyes (Depths:1)
  An ice dragon (Depths:1)
  A centaur warrior (D:14)
  A deep troll earth mage (Depths:1)
  An orc knight (Orc:1)
  A deep elf pyromancer (Elf:2)
  A shining eye (Depths:1)
  3 tengu conjurers (Depths:1)
  A troll (Orc:1)
  A floating eye (Depths:1)
  3 orc warriors (Orc:1)
  A sky beast (D:8)
  2 ogres (Orc:2)
  An orc priest (Orc:1)
  2 orc wizards (Orc:1)
25 creatures vanquished.

Vanquished Creatures (others)
  2 vault wardens
  An ironbound thunderhulk (Vaults:4)
  A deep elf demonologist (Elf:3)
  A yaktaur captain (Vaults:2)
  An ogre mage (Vaults:5)
  A two-headed ogre (Vaults:5)
  3 dancing weapons
  A deep troll earth mage (Depths:2)
  A deep elf knight (Elf:1)
  2 deep trolls
  A wizard (Vaults:2)
  A necromancer (Vaults:2)
  A deep elf zephyrmancer (Elf:1)
  A yaktaur (Vaults:4)
  A rime drake (Lair:4)
  A bloated husk (Swamp:2)
  A slime creature (Vaults:4)
  A swamp worm (Swamp:4)
  An electric eel (Lair:4)
  A bush (Lair:5)
  8 foxfires (Swamp:3)
  29 fungi
  58 plants
  6 toadstools (Lair:4)
  14 withered plants (Gauntlet)
139 creatures vanquished.

Grand Total: 1888 creatures vanquished

Notes
Turn   | Place    | Note
-------+----------+-------------------------------------------
     0 | D:1      | CrazyBamboolord the Minotaur Chaos Knight began the quest
                  | for the Orb.
     0 | D:1      | Reached XP level 1. HP: 19/19 MP: 0/0
    40 | D:1      | Reached XP level 2. HP: 22/27 MP: 1/1
    41 | D:1      | Reached skill level 4 in Fighting
   357 | D:1      | XOM: cast spell 'Summon Small Mammal'
   426 | D:1      | Reached XP level 3. HP: 29/33 MP: 2/2
   624 | D:1      | XOM: scenery: summon butterflies
   967 | D:2      | XOM: polymorph rat -> adder
   971 | D:2      | Reached XP level 4. HP: 41/41 MP: 3/3
  1013 | D:2      | a worm changed into a scorpion
  1013 | D:2      | Noticed a scorpion
  1013 | D:2      | XOM: polymorph worm -> scorpion
  1017 | D:2      | Killed a scorpion
  1018 | D:2      | Reached skill level 5 in Long Blades
  1119 | D:2      | Reached XP level 5. HP: 47/47 MP: 4/4
  1370 | D:3      | XOM: give mutations
  1370 | D:3      | Gained mutation: Your spells are a little harder to cast,
                  | but a little more powerful. [Xom's grace]
  1370 | D:3      | Gained mutation: You have sharp toenails. [Xom's grace]
  1572 | D:3      | Found Idghy's Weapon Shoppe.
  1773 | D:3      | Reached skill level 5 in Fighting
  1977 | D:4      | XOM: cast spell 'Summon Ice Beast'
  2130 | D:4      | XOM: 1-stop teleportation journey
  2218 | D:4      | XOM: silly message
  2270 | D:4      | Reached XP level 6. HP: 34/56 MP: 5/5
  2397 | D:4      | Identified the +5 trident of Dishonour {antimagic, Dex+3}
  2402 | D:4      | XOM: silly message
  2407 | D:4      | Reached skill level 1 in Evocations
  2880 | D:5      | Entered Level 5 of the Dungeon
  2930 | D:5      | XOM: cast spell 'Call Canine Familiar'
  2958 | D:5      | Found a glowing drain.
  2966 | Sewer    | Entered a sewer
  3124 | Sewer    | Reached XP level 7. HP: 30/60 MP: 6/6
  3513 | D:5      | Reached skill level 6 in Fighting
  3631 | D:5      | XOM: enchant monster (good)
  3661 | D:5      | Reached XP level 8. HP: 32/70 MP: 7/7
  3810 | D:5      | XOM: cloud trail
  4035 | D:5      | Found a staircase to the Ecumenical Temple.
  4394 | D:6      | Noticed Duvessa
  4395 | D:6      | Noticed Dowan
  4401 | D:6      | Killed Duvessa
  4403 | D:6      | XOM: divination: magic mapping
  4404 | D:6      | XOM: noise
  4414 | D:6      | XOM: enchant monster (bad)
  4417 | D:6      | Reached skill level 7 in Fighting
  4417 | D:6      | Reached skill level 10 in Long Blades
  4417 | D:6      | XOM: cast spell 'Summon Small Mammal'
  4420 | D:6      | Killed Dowan
  4421 | D:6      | Reached skill level 5 in Armour
  5199 | D:6      | Found a runed translucent door.
  5200 | D:6      | Noticed Crazy Yiuf
  5205 | D:6      | Killed Crazy Yiuf
  5252 | D:7      | Found a transporter.
  5291 | D:7      | XOM: noise
  5305 | D:7      | Found a white marble altar of Elyvilon.
  5335 | D:7      | Identified the +5 ring mail of Wyckede {Fly rElec Will-
                  | SInv}
  5372 | D:7      | Found a transporter.
  5425 | D:7      | Noticed Qestes's ghost (novice MiGl)
  5445 | D:7      | Found Qoseprab's Jewellery Emporium.
  5478 | D:7      | Reached XP level 9. HP: 79/79 MP: 8/8
  5491 | D:7      | XOM: enchant monster (bad)
  5560 | D:7      | Found Bericky's Firing Range.
  5561 | D:7      | Found Surioshres's Book Shoppe.
  5561 | D:7      | XOM: 1-stop teleportation journey
  5673 | D:7      | Found Okhuwk's Book Emporium.
  5717 | D:7      | XOM: give mutations
  5717 | D:7      | Gained mutation: You are vulnerable to heat. (rF-) [Xom's
                  | mischief]
  5717 | D:7      | Gained mutation: You are frail. (-10% HP) [Xom's mischief]
  5759 | D:7      | Identified the +1 leather armour of a sewer {Dex+2}
  5977 | D:7      | Found Togotuow's Jewellery Boutique.
  6046 | D:7      | Noticed a two-headed ogre
  6055 | D:7      | XOM: confuse monster(s)
  6062 | D:7      | Killed a two-headed ogre
  6063 | D:7      | Reached skill level 8 in Fighting
  6063 | D:7      | Reached skill level 5 in Dodging
  6307 | D:8      | Noticed Maurice
  6307 | D:8      | XOM: divination: magic mapping
  6318 | D:8      | Noticed a two-headed ogre
  6318 | D:8      | XOM: 8-stop teleportation journey
  6387 | D:8      | Found a staircase to the Lair.
  6387 | D:8      | XOM: 4-stop teleportation journey
  6390 | D:8      | Killed a two-headed ogre
  6403 | D:8      | XOM: give mutations
  6403 | D:8      | Gained mutation: You are partially covered in iridescent
                  | scales. (AC +2) [Xom's grace]
  6403 | D:8      | Gained mutation: Your spells are harder to cast, but more
                  | powerful. [Xom's grace]
  6403 | D:8      | Lost mutation: You have sharp toenails. [Xom's grace]
  6403 | D:8      | Gained mutation: You have large cloven feet. [Xom's grace]
  6409 | D:8      | Reached skill level 9 in Fighting
  6464 | D:8      | XOM: repel stairs
  6502 | D:8      | Reached XP level 10. HP: 81/81 MP: 9/9
  6504 | D:8      | Found an iron altar of Okawaru.
  6531 | D:8      | XOM: stat loss: -1 Str (17/18)
  6638 | D:8      | XOM: silly message
  6862 | D:8      | Killed Maurice
  7329 | D:9      | Noticed a two-headed ogre
  7334 | D:9      | XOM: confusion (+ monsters)
  7336 | D:9      | XOM: polymorph bullfrog -> tengu
  7348 | D:9      | Reached skill level 10 in Fighting
  7351 | D:9      | Killed a two-headed ogre
  7405 | D:9      | XOM: silly message
  7406 | D:9      | Noticed a rust devil
  7408 | D:9      | Noticed a soul eater
  7416 | D:9      | Noticed an orange demon
  7416 | D:9      | XOM: fog
  7632 | D:3      | Bought the +7 great sword of Xathraosh {freeze, Will+
                  | Dex+3} for 852 gold pieces
  7783 | D:10     | Entered Level 10 of the Dungeon
  7783 | D:10     | Noticed a deep elf pyromancer
  7803 | D:9      | XOM: noise
  7808 | D:9      | Noticed a gargoyle
  7808 | D:9      | XOM: silly message
  7811 | D:9      | XOM: chaos upgrade
  7815 | D:9      | Killed a gargoyle
  7816 | D:9      | Reached XP level 11. HP: 56/90 MP: 10/10
  7959 | D:9      | XOM: stat loss: -1 Int (8/9)
  8098 | D:9      | Found a staircase to the Orcish Mines.
  8185 | D:9      | XOM: scenery: create altars
  8254 | D:9      | Noticed a two-headed ogre
  8514 | D:10     | Noticed Harold
  8515 | D:10     | XOM: summons 3 friendly demons
  8522 | D:10     | Killed Harold
  8523 | D:10     | Reached skill level 11 in Fighting
  8523 | D:10     | Reached skill level 15 in Long Blades
  8559 | D:10     | Noticed a tengu warrior
  8701 | D:10     | XOM: smoke on damage
  8704 | D:10     | Killed a two-headed ogre
  8746 | D:10     | Noticed an orc knight
  8746 | D:10     | XOM: noise
  8750 | D:10     | Killed an orc knight
  8750 | D:10     | XOM: confusion
  8778 | D:10     | XOM: swap monsters
  8780 | D:10     | XOM: fog
  8783 | D:10     | Killed a deep elf pyromancer
  8785 | D:10     | Killed a tengu warrior
  8791 | D:10     | XOM: summons 4 hostile shadow creatures
  8844 | D:9      | XOM: summons 4 hostile shadow creatures
  8903 | D:10     | XOM: summons 2 hostile shadow creatures
  8924 | D:10     | Noticed a two-headed ogre
  8924 | D:10     | XOM: 1-stop teleportation journey
  8927 | D:10     | Killed a two-headed ogre
  8934 | D:10     | XOM: scenery: summon butterflies
  8999 | D:10     | XOM: confuse monster(s)
  9005 | D:10     | XOM: silly message
  9540 | D:10     | Reached XP level 12. HP: 100/100 MP: 11/11
  9623 | D:9      | XOM: give mutations
  9623 | D:9      | Gained mutation: You expend magic power (3 MP) to
                  | strengthen your wands. [Xom's grace]
  9623 | D:9      | Gained mutation: You are partially covered in large bone
                  | plates. (SH +4) [Xom's grace]
  9623 | D:9      | Lost mutation: You are frail. (-10% HP) [Xom's grace]
  9655 | Lair:1   | Entered Level 1 of the Lair of Beasts
  9702 | Lair:1   | Reached skill level 12 in Fighting
  9741 | Lair:1   | XOM: give mutations
  9741 | Lair:1   | Lost mutation: You are vulnerable to heat. (rF-) [Xom's
                  | grace]
  9741 | Lair:1   | Gained mutation: Your flesh is heat resistant. (rF+) [Xom's
                  | grace]
  9741 | Lair:1   | Gained mutation: You possess an exceptional clarity of
                  | mind. [Xom's grace]
  9741 | Lair:1   | Gained mutation: You have sharp fingernails. [Xom's grace]
  9811 | Lair:1   | XOM: polymorph komodo dragon -> wind drake
  9885 | Lair:1   | XOM: enchant monster (good)
 10008 | Lair:1   | XOM: stat loss: -1 Dex (21/22)
 10468 | Lair:2   | Noticed an eight-headed hydra
 10481 | Lair:2   | Killed a four-headed hydra
 10541 | Lair:2   | XOM: divination: detect creatures
 10720 | Lair:2   | XOM: 3-stop teleportation journey
 10785 | Lair:2   | Noticed a catoblepas
 10797 | Lair:2   | Killed a catoblepas
 10829 | Lair:2   | XOM: 3-stop teleportation journey
 10845 | Lair:2   | XOM: 1-stop teleportation journey
 10861 | Lair:2   | XOM: swap monsters
 10864 | Lair:2   | XOM: noise
 11021 | Lair:2   | Found a staircase to the Snake Pit.
 11055 | Lair:2   | XOM: draining
 11382 | Lair:3   | Noticed Josephine
 11391 | Lair:3   | Josephine changed into Josephine the shapeshifter
 11391 | Lair:3   | XOM: polymorph Josephine -> Josephine the shapeshifter
 11404 | Lair:3   | XOM: give mutations
 11404 | Lair:3   | Gained mutation: You are resistant to electric shocks.
                  | (rElec) [Xom's mischief]
 11404 | Lair:3   | Lost mutation: You have large cloven feet. [Xom's mischief]
 11404 | Lair:3   | Gained mutation: You have sharp toenails. [Xom's mischief]
 11404 | Lair:3   | Lost mutation: You have sharp fingernails. [Xom's mischief]
 11404 | Lair:3   | Lost mutation: You are partially covered in large bone
                  | plates. (SH +4) [Xom's mischief]
 11418 | Lair:3   | Noticed an eight-headed hydra
 11431 | Lair:3   | Killed a two-headed hydra
 11539 | Lair:3   | XOM: polymorph blink frog -> glowing shapeshifter
 11544 | Lair:3   | Reached skill level 10 in Armour
 11551 | Lair:3   | XOM: give mutations
 11551 | Lair:3   | Gained mutation: You have razor-sharp toenails. [Xom's
                  | mischief]
 11551 | Lair:3   | Lost mutation: You possess an exceptional clarity of mind.
                  | [Xom's mischief]
 11551 | Lair:3   | Gained mutation: You have a pair of large horns on your
                  | head. [Xom's mischief]
 11831 | Lair:3   | Reached XP level 13. HP: 74/119 MP: 12/12
 11850 | Lair:3   | Found a staircase to the Swamp.
 11858 | Lair:3   | Reached skill level 13 in Fighting
 11858 | Lair:3   | Reached skill level 1 in Shields
 12167 | Lair:4   | XOM: summons 1 hostile shadow creature
 12359 | Lair:4   | Found a viscous altar of Jiyva.
 12361 | Lair:4   | Found a staircase to the Slime Pits.
 12526 | Lair:4   | Noticed a dire elephant
 12526 | Lair:4   | XOM: 2-stop teleportation journey
 12742 | Lair:4   | XOM: silly message
 12748 | Lair:4   | Found a runed translucent door.
 12978 | Lair:4   | XOM: summons friendly ufetubus
 12984 | Lair:4   | XOM: summons 6 friendly demons
 13091 | Lair:4   | XOM: polymorph ufetubus -> white imp
 13558 | Lair:4   | XOM: destruction
 13564 | Lair:4   | Killed a dire elephant
 13569 | Lair:4   | XOM: confusion (+ monsters)
 13582 | Lair:4   | XOM: noise
 13597 | Lair:4   | Identified the +0 leather armour of Taimo Peag {*Slow rElec
                  | rN+ MP+9}
 13690 | Lair:5   | Entered Level 5 of the Lair of Beasts
 13732 | Lair:5   | XOM: cloud trail
 13855 | Lair:5   | XOM: enchant monster (bad)
 13950 | Lair:5   | XOM: noise
 14228 | Lair:5   | Identified the +1 shortbow "Ituss" {drain, rElec Int+2}
 14348 | Lair:5   | Reached skill level 14 in Fighting
 14362 | Lair:5   | XOM: scenery: summon butterflies
 14457 | Lair:5   | XOM: cloud trail
 14510 | Lair:5   | XOM: silly message
 14670 | Lair:5   | XOM: noise
 14833 | Lair:5   | XOM: cast spell 'Metabolic Englaciation'
 15012 | Orc:1    | Entered Level 1 of the Orcish Mines
 15029 | Orc:1    | Reached XP level 14. HP: 132/132 MP: 13/13
 15129 | Orc:1    | XOM: 5-stop teleportation journey
 15193 | Orc:1    | Reached skill level 10 in Dodging
 15553 | Orc:2    | Entered Level 2 of the Orcish Mines
 15577 | Orc:2    | Found a gate leading to a gauntlet.
 15588 | Gauntlet | Entered a Gauntlet
 15588 | Gauntlet | Found a transporter.
 15588 | Gauntlet | Found a transporter.
 15594 | Gauntlet | Found a transporter.
 15594 | Gauntlet | Found a transporter.
 15597 | Gauntlet | Found a transporter.
 15608 | Gauntlet | Found a transporter.
 15633 | Gauntlet | Found a transporter.
 15650 | Gauntlet | Found a transporter.
 15670 | Gauntlet | Found a transporter.
 15676 | Gauntlet | Found a transporter.
 15689 | Gauntlet | XOM: divination: detect items
 15694 | Gauntlet | Found a transporter.
 15748 | Gauntlet | Found a transporter.
 15889 | Gauntlet | Identified the ring "Kuric" {rF+ Will+}
 15907 | Gauntlet | XOM: polymorph glowing orange brain -> anaconda
 16024 | Gauntlet | Identified the ring of Wawn {Fly rCorr Str+7 Dex-2}
 16024 | Gauntlet | Identified the +2 helmet "Rueq" {rPois Str+2}
 16101 | Orc:2    | XOM: god gift: hand axe {god gift}
 16463 | Orc:2    | Found a staircase to the Elven Halls.
 16497 | Orc:2    | XOM: cleaving
 16500 | Orc:2    | XOM: divination: magic mapping
 16507 | Orc:2    | XOM: confuse monster(s)
 16511 | Orc:2    | Reached skill level 15 in Fighting
 16527 | Orc:2    | XOM: scenery: summon butterflies
 16530 | Orc:2    | Found Widix's Book Boutique.
 16530 | Orc:2    | Found Vughiac's Distillery.
 16531 | Orc:2    | Found Wuq Hyux's Magic Scroll Shoppe.
 16531 | Orc:2    | Found Qitoadai's Armour Boutique.
 16537 | Orc:2    | XOM: summons friendly white imp
 16539 | Orc:2    | XOM: summons 14 friendly demons
 16541 | Orc:2    | XOM: divination: magic mapping
 16544 | Orc:2    | XOM: summons friendly shadow imp
 16568 | Orc:2    | Bought a potion of mutation for 128 gold pieces
 16568 | Orc:2    | Bought 2 potions of mutation for 256 gold pieces
 16569 | Orc:2    | Bought a scroll of enchant armour for 75 gold pieces
 16569 | Orc:2    | Bought a scroll of blinking for 75 gold pieces
 16944 | D:11     | XOM: potion effect (brilliance)
 16950 | D:11     | XOM: fake destruction
 17040 | D:11     | XOM: scenery: summon butterflies
 17074 | D:11     | XOM: enchant monster (good)
 17077 | D:11     | Reached skill level 16 in Fighting
 17615 | D:12     | XOM: stat loss: -1 Str (18/19)
 17668 | D:12     | Found a hide-covered altar of Uskayaw.
 17704 | D:12     | XOM: fog
 17707 | D:12     | XOM: confusion
 17712 | D:12     | XOM: cleaving
 17717 | D:12     | Noticed Kirke
 17728 | D:12     | Killed Kirke
 17764 | D:12     | Reached XP level 15. HP: 144/144 MP: 14/14
 17808 | D:12     | Noticed Lodul
 17811 | D:12     | XOM: stat loss: -1 Str (18/19)
 17814 | D:12     | Killed Lodul
 17817 | D:12     | XOM: 8-stop teleportation journey
 17820 | D:12     | XOM: summons 6 hostile demons
 17855 | D:12     | XOM: 3-stop teleportation journey
 17912 | D:12     | XOM: summons 1 hostile demon
 18110 | D:12     | XOM: give mutations
 18110 | D:12     | Lost mutation: You expend magic power (3 MP) to strengthen
                  | your wands. [Xom's mischief]
 18110 | D:12     | Gained mutation: You are dopey. (Int -2) [Xom's mischief]
 18110 | D:12     | Gained mutation: You are very dopey. (Int -4) [Xom's
                  | mischief]
 18194 | D:12     | XOM: stat loss: -1 Int (4/5)
 18260 | D:12     | XOM: noise
 18311 | D:13     | Identified a scroll of acquirement
 18312 | D:13     | Acquired the amulet of No Interval {RegenMP rElec rPois
                  | Regen+ rCorr}
 18499 | D:13     | XOM: 2-stop teleportation journey
 18539 | D:13     | XOM: summons 5 hostile demons
 19171 | D:14     | Found a gate to the Vaults.
 19189 | D:14     | XOM: fog
 19190 | D:14     | XOM: polymorph vault guard -> satyr
 19193 | D:14     | XOM: summons 10 friendly demons
 19480 | D:14     | XOM: divination: magic mapping
 19483 | D:14     | Reached skill level 17 in Fighting
 19497 | D:14     | XOM: fog
 19686 | D:14     | XOM: give mutations
 19686 | D:14     | Lost mutation: You have razor-sharp toenails. [Xom's
                  | mischief]
 19686 | D:14     | Gained mutation: Armour fits poorly on your strangely
                  | shaped body. [Xom's mischief]
 19686 | D:14     | Lost mutation: Your flesh is heat resistant. (rF+) [Xom's
                  | mischief]
 19686 | D:14     | Lost mutation: You are partially covered in iridescent
                  | scales. (AC +2) [Xom's mischief]
 19715 | D:14     | XOM: summons 12 friendly demons
 19761 | D:14     | XOM: summons friendly quasit
 19929 | D:15     | Entered Level 15 of the Dungeon
 20075 | D:15     | XOM: confuse monster(s)
 20215 | D:15     | XOM: smoke on damage
 20241 | D:15     | Found a staircase to the Depths.
 20241 | D:15     | XOM: swap monsters
 20247 | D:15     | XOM: enchant monster (bad)
 20433 | D:15     | XOM: summons 2 hostile shadow creatures
 20713 | D:15     | Found a snail-covered altar of Cheibriados.
 20776 | D:15     | Found Caykooze's Magic Scroll Shop.
 20785 | D:15     | Bought a scroll of teleportation for 39 gold pieces
 20785 | D:15     | Bought a scroll of blinking for 97 gold pieces
 20785 | D:15     | Bought a scroll of magic mapping for 97 gold pieces
 20785 | D:15     | Bought a scroll of magic mapping for 97 gold pieces
 20954 | D:12     | XOM: scenery: create altars
 21059 | Lair:1   | XOM: divination: detect creatures
 21119 | Swamp:1  | Entered Level 1 of the Swamp
 21121 | Swamp:1  | XOM: scenery: create altars
 21133 | Swamp:1  | Noticed a fenstrider witch
 21137 | Swamp:1  | Killed a fenstrider witch
 21179 | Swamp:1  | XOM: 2-stop teleportation journey
 21371 | Swamp:1  | XOM: cleaving
 21476 | Swamp:1  | XOM: confusion (+ monsters)
 21481 | Swamp:1  | XOM: summons friendly quasit
 21525 | Swamp:1  | XOM: polymorph quasit -> iron imp
 21527 | Swamp:1  | Reached skill level 15 in Armour
 21711 | Swamp:1  | XOM: noise
 21713 | Swamp:1  | XOM: blink monster(s)
 21718 | Swamp:1  | XOM: summons friendly quasit
 21723 | Swamp:1  | Reached XP level 16. HP: 155/157 MP: 15/15
 21891 | Swamp:2  | XOM: polymorph eleionoma -> alligator snapping turtle
 21899 | Swamp:2  | XOM: divination: magic mapping
 22038 | Swamp:2  | XOM: 2-stop teleportation journey
 22041 | Swamp:2  | Reached skill level 18 in Fighting
 22078 | Swamp:2  | XOM: silly message
 22135 | Swamp:2  | XOM: confusion (+ monsters)
 22138 | Swamp:2  | XOM: confuse monster(s)
 22139 | Swamp:2  | Noticed Aizul
 22156 | Swamp:2  | XOM: summons 2 friendly demons
 22157 | Swamp:2  | Killed Aizul
 22159 | Swamp:2  | XOM: cast spell 'Dispersal'
 22189 | Swamp:2  | XOM: 4-stop teleportation journey
 22262 | Swamp:2  | XOM: silly message
 22295 | Swamp:2  | XOM: divination: detect items
 22306 | Swamp:2  | XOM: summons friendly shadow imp
 22453 | Swamp:2  | Noticed Jorgrun
 22462 | Swamp:2  | Killed Jorgrun
 22504 | Swamp:2  | XOM: smoke on damage
 22542 | Swamp:2  | XOM: summons 1 hostile shadow creature
 22840 | Swamp:3  | XOM: enchant monster (good)
 22931 | Swamp:3  | XOM: summons 9 hostile demons
 22946 | Swamp:3  | XOM: cloud trail
 22958 | Swamp:3  | Noticed Bai Suzhen
 22973 | Swamp:3  | XOM: 2-stop teleportation journey
 23145 | Swamp:3  | XOM: summons 2 friendly demons
 23149 | Swamp:3  | XOM: scenery: summon butterflies
 23156 | Swamp:3  | XOM: confusion (+ monsters)
 23163 | Swamp:3  | Killed Bai Suzhen
 23294 | Swamp:3  | Noticed a thorn hunter
 23302 | Swamp:3  | XOM: smoke on damage
 23306 | Swamp:3  | Killed a thorn hunter
 23474 | Swamp:3  | XOM: divination: detect creatures
 23530 | Swamp:3  | Reached skill level 5 in Shields
 23721 | Swamp:3  | XOM: silly message
 23787 | Swamp:3  | XOM: summons 3 hostile shadow creatures
 23846 | Swamp:2  | XOM: stat loss: -1 Int (4/5)
 23891 | Swamp:4  | Entered Level 4 of the Swamp
 23903 | Swamp:4  | XOM: cleaving
 24002 | Swamp:4  | Noticed Louise
 24003 | Swamp:4  | XOM: potion effect (berserk rage)
 24027 | Swamp:4  | Killed Louise
 24028 | Swamp:4  | Reached skill level 19 in Fighting
 24269 | Swamp:4  | XOM: blink monster(s)
 24286 | Swamp:4  | XOM: summons friendly shadow imp
 24291 | Swamp:4  | XOM: polymorph swamp dragon -> shapeshifter
 24307 | Swamp:4  | HP: 8/160 [four-headed hydra simulacrum (42)]
 24307 | Swamp:4  | XOM: butterfly on damage
 24346 | Swamp:4  | XOM: silly message
 24519 | Swamp:4  | XOM: give mutations
 24519 | Swamp:4  | Gained mutation: You are partially covered in large bone
                  | plates. (SH +4) [Xom's mischief]
 24519 | Swamp:4  | Lost mutation: Armour fits poorly on your strangely shaped
                  | body. [Xom's mischief]
 24519 | Swamp:4  | Lost mutation: You are partially covered in large bone
                  | plates. (SH +4) [Xom's mischief]
 24519 | Swamp:4  | Gained mutation: Armour fits poorly on your strangely
                  | shaped body. [Xom's mischief]
 24538 | Swamp:4  | XOM: give mutations
 24538 | Swamp:4  | Gained mutation: Your body sometimes deteriorates upon
                  | taking damage. [Xom's mischief]
 24538 | Swamp:4  | Gained mutation: You are agile. (Dex +4, Str/Int -1) [Xom's
                  | mischief]
 24636 | Swamp:4  | XOM: torment (75/160 hp)
 24742 | Swamp:4  | XOM: smoke on damage
 24942 | Swamp:4  | XOM: 1-stop teleportation journey
 24971 | Swamp:4  | XOM: enchant monster (bad)
 25031 | Swamp:4  | XOM: summons 2 hostile demons
 25093 | Swamp:4  | XOM: silly message
 25279 | Swamp:4  | Got a decaying rune of Zot
 25291 | Swamp:4  | XOM: swap monsters
 25510 | Snake:1  | Entered Level 1 of the Snake Pit
 25515 | Snake:1  | XOM: summons 2 hostile demons
 25622 | Snake:1  | XOM: polymorph naga warrior -> wolf spider
 25688 | Snake:1  | XOM: 1-stop teleportation journey
 25692 | Snake:1  | XOM: blink monster(s)
 25694 | Snake:1  | XOM: enchant monster (bad)
 25731 | Snake:1  | Found Fiept's Book Boutique.
 25732 | Snake:1  | Found Feren's Jewellery Shoppe.
 25732 | Snake:1  | Found Yqufat's Jewellery Shoppe.
 25739 | Snake:1  | Bought the ring of Departure {rF+ Will+ Str+8 SInv Stlth-}
                  | for 879 gold pieces
 25817 | Snake:1  | XOM: divination: magic mapping
 25933 | Snake:1  | XOM: summons 7 friendly demons
 25940 | Snake:1  | XOM: polymorph white imp -> shadow imp
 25941 | Snake:1  | Reached XP level 17. HP: 167/167 MP: 16/16
 26060 | Snake:1  | XOM: summons 4 hostile demons
 26537 | Snake:2  | XOM: cleaving
 26940 | Snake:3  | Identified the +0 helmet of Absolutism {rElec Dex+9 Stlth-}
 26992 | Snake:3  | XOM: confuse monster(s)
 27144 | Snake:3  | XOM: confusion (+ monsters)
 27154 | Snake:3  | XOM: cast spell 'Metabolic Englaciation'
 27492 | Snake:3  | Found Gyarath's Weapon Shoppe.
 27624 | Snake:3  | XOM: confusion
 27640 | Snake:3  | Identified the +1 leather armour "Ukhoxtemp" {Contam Fly
                  | rF++ rN+}
 27646 | Snake:3  | XOM: summons 9 hostile demons
 27805 | Snake:3  | XOM: give mutations
 27805 | Snake:3  | Lost mutation: Your spells are harder to cast, but more
                  | powerful. [Xom's mischief]
 27805 | Snake:3  | Lost mutation: You are very dopey. (Int -4) [Xom's
                  | mischief]
 27805 | Snake:3  | Lost mutation: You are agile. (Dex +4, Str/Int -1) [Xom's
                  | mischief]
 28109 | Snake:4  | Entered Level 4 of the Snake Pit
 28118 | Snake:4  | XOM: noise
 28153 | Snake:4  | XOM: 2-stop teleportation journey
 28170 | Snake:4  | XOM: summons friendly crimson imp
 28189 | Snake:4  | Reached skill level 20 in Fighting
 28208 | Snake:4  | XOM: chaos cloud
 28209 | Snake:4  | Paralysed by you for 3 turns
 28236 | Snake:4  | XOM: torment (69/170 hp)
 28336 | Snake:4  | XOM: polymorph naga sharpshooter -> redback
 28351 | Snake:4  | XOM: smoke on damage
 28394 | Snake:4  | XOM: confuse monster(s)
 28417 | Snake:4  | XOM: divination: detect creatures
 28437 | Snake:4  | XOM: potion effect (heal wounds)
 28441 | Snake:4  | XOM: confuse monster(s)
 28460 | Snake:4  | XOM: smoke on damage
 28548 | Snake:4  | Got a serpentine rune of Zot
 28579 | Snake:4  | XOM: silly message
 28826 | Snake:4  | XOM: 1-stop teleportation journey
 29028 | Snake:4  | XOM: summons 3 friendly demons
 29035 | Snake:4  | XOM: summons 2 friendly demons
 29039 | Snake:4  | XOM: confusion (+ monsters)
 29050 | Snake:4  | XOM: chaos cloud
 29051 | Snake:4  | Paralysed by you for 5 turns
 29053 | Snake:4  | XOM: chaos upgrade
 29195 | Snake:4  | XOM: confusion (+ monsters)
 29232 | Snake:4  | XOM: enchant monster (bad)
 29770 | Lair:2   | XOM: summons 1 hostile demon
 30034 | Depths:1 | Entered Level 1 of the Depths
 30054 | Depths:1 | Found a one-way gate to the infinite horrors of the Abyss.
 30086 | Depths:1 | Found a shimmering altar of Xom.
 30096 | Depths:1 | XOM: confuse monster(s)
 30100 | Depths:1 | Reached XP level 18. HP: 168/180 MP: 17/17
 30113 | Depths:1 | XOM: god gift: book of the Moon
 30189 | Depths:1 | Found a one-way gateway to a ziggurat.
 30195 | Depths:1 | Paralysed by a floating eye for 4 turns
 30202 | Depths:1 | Lost mutation: You are dopey. (Int -2) [a shining eye]
 30272 | Depths:1 | XOM: 3-stop teleportation journey
 30446 | Depths:1 | XOM: cleaving
 30520 | Depths:1 | XOM: god gift: potion of flight
 30722 | Depths:1 | You fall into a shaft and drop 1 floor!
 30785 | Depths:2 | Reached skill level 21 in Fighting
 30868 | Depths:2 | Found a one-way gate leading to the halls of Pandemonium.
 30966 | Depths:2 | XOM: god gift: wand of flame (10)
 31038 | Depths:2 | XOM: enchant monster (good)
 31043 | Depths:2 | XOM: cleaving
 31044 | Depths:2 | XOM: divination: magic mapping
 31119 | Depths:1 | XOM: scenery: summon butterflies
 31156 | Depths:1 | XOM: polymorph deep troll shaman -> slime creature
 31158 | Depths:1 | XOM: confuse monster(s)
 31254 | Depths:1 | XOM: confusion
 31255 | Depths:1 | XOM: summons 4 hostile shadow creatures
 31263 | Depths:1 | XOM: chaos cloud
 31268 | Depths:1 | XOM: enchant monster (bad)
 31268 | Depths:1 | HP: 8/182 [green very ugly thing (7)]
 31331 | Depths:1 | XOM: give mutations
 31331 | Depths:1 | Gained mutation: You are clumsy. (Dex -2) [Xom's mischief]
 31331 | Depths:1 | Lost mutation: You have sharp toenails. [Xom's mischief]
 31331 | Depths:1 | Gained mutation: You are very clumsy. (Dex -4) [Xom's
                  | mischief]
 31407 | Depths:1 | XOM: summons 4 friendly demons
 31416 | Depths:1 | XOM: polymorph ufetubus -> white imp
 31428 | Depths:1 | Found a gateway to Hell.
 31447 | Depths:1 | XOM: cast spell 'Dispersal'
 31544 | Depths:1 | XOM: fake destruction
 31547 | Depths:1 | Reached skill level 10 in Shields
 31547 | Depths:1 | XOM: polymorph green ugly thing -> red ugly thing
 31651 | Depths:1 | XOM: god gift: vibrating pewter ring {god gift}
 31651 | Depths:1 | Identified the ring "Hahuvev" {*Corrode rC+ Will+ Dex+3}
                  | (Xom gifted it to you on level 1 of the Depths)
 31825 | Depths:2 | XOM: give mutations
 31825 | Depths:2 | Gained mutation: You are partially covered in iridescent
                  | scales. (AC +2) [Xom's grace]
 31825 | Depths:2 | Gained mutation: You have very sharp teeth. [Xom's grace]
 31825 | Depths:2 | Gained mutation: Your flesh is heat resistant. (rF+) [Xom's
                  | grace]
 31825 | Depths:2 | Gained mutation: You possess an exceptional clarity of
                  | mind. [Xom's grace]
 31894 | Depths:2 | XOM: polymorph cyan ugly thing -> red ugly thing
 31901 | Depths:2 | XOM: cleaving
 31904 | Depths:2 | XOM: fog
 32049 | Depths:2 | XOM: 2-stop teleportation journey
 32123 | Depths:2 | XOM: cloud trail
 32432 | Depths:2 | XOM: give mutations
 32432 | Depths:2 | Lost mutation: Your body sometimes deteriorates upon taking
                  | damage. [Xom's mischief]
 32432 | Depths:2 | Gained mutation: Your magical capacity is low. (-10% MP)
                  | [Xom's mischief]
 32464 | Depths:2 | XOM: give mutation
 32464 | Depths:2 | Gained mutation: Your muscles are strong. (Str +4, Int/Dex
                  | -1) [Xom's grace]
 32466 | Depths:2 | XOM: cast spell 'Summon Dragon'
 32470 | Depths:2 | Noticed a tentacled monstrosity
 32470 | Depths:2 | XOM: polymorph spriggan air mage -> iron troll
 32477 | Depths:2 | Killed a tentacled monstrosity
 32511 | Depths:2 | XOM: polymorph white very ugly thing -> green very ugly
                  | thing
 32603 | Depths:2 | XOM: confuse monster(s)
 32608 | Depths:2 | XOM: cast spell 'Dispersal'
 32617 | Depths:2 | XOM: cast spell 'Disjunction'
 32643 | Depths:2 | XOM: confuse monster(s)
 32773 | Depths:2 | Reached XP level 19. HP: 145/191 MP: 16/16
 32852 | Depths:2 | XOM: enchant monster (bad)
 33166 | D:14     | XOM: torment (91/191 hp)
 33255 | Vaults:1 | Entered Level 1 of the Vaults
 33324 | Vaults:1 | Found a flickering gateway to a bazaar.
 33333 | Bazaar   | Entered a bazaar
 33333 | Bazaar   | Found Fucaur's Weapon Shop.
 33333 | Bazaar   | Found Pemaetofy's Distillery.
 33333 | Bazaar   | Found Senuesh's Armour Boutique.
 33333 | Bazaar   | Found Wenir's Jewellery Boutique.
 33333 | Bazaar   | Found Nuluo's Antique Weapon Boutique.
 33333 | Bazaar   | Found Relizuy's Assorted Antiques.
 33366 | Bazaar   | Bought a potion of invisibility for 208 gold pieces
 33368 | Bazaar   | Bought a potion of might for 44 gold pieces
 33372 | Bazaar   | Bought a crystal great sword for 184 gold pieces
 33372 | Bazaar   | Identified the +9 great sword "Wenk" {heavy, rElec} (You
                  | bought it in a shop in a bazaar)
 33409 | Vaults:1 | XOM: divination: magic mapping
 33461 | Vaults:1 | XOM: potion effect (berserk rage)
 33476 | Vaults:1 | XOM: silly message
 33481 | Vaults:1 | Reached skill level 22 in Fighting
 33492 | Vaults:1 | Found a magical portal.
 33516 | WizLab   | Entered Tukima's Studio
 33606 | WizLab   | XOM: potion effect (haste)
 33773 | WizLab   | Noticed CrazyBamboolord's illusion
 33962 | Vaults:1 | XOM: potion effect (brilliance)
 34143 | Vaults:1 | XOM: god gift: +0 ring mail of fire resistance
 34167 | Vaults:1 | XOM: scenery: 1 doors close
 34228 | Vaults:1 | Identified the amulet of Bunemnemm {RegenMP -Tele rC+
                  | Str+8} (Xom gifted it to you on level 1 of the Vaults)
 34228 | Vaults:1 | XOM: god gift: amulet of Bunemnemm {RegenMP -Tele rC+
                  | Str+8}
 34275 | Vaults:1 | XOM: cleaving
 34617 | Vaults:1 | XOM: enchant monster (good)
 34715 | Vaults:1 | XOM: summons 7 friendly demons
 34777 | Vaults:1 | XOM: summons 7 friendly demons
 34778 | Vaults:1 | XOM: god gift: shiny ring mail {god gift}
 34797 | Vaults:1 | XOM: confuse monster(s)
 34949 | Vaults:1 | XOM: cleaving
 35106 | Vaults:2 | XOM: draining
 35366 | Vaults:2 | XOM: give mutations
 35366 | Vaults:2 | Lost mutation: Your muscles are strong. (Str +4, Int/Dex
                  | -1) [Xom's mischief]
 35366 | Vaults:2 | Lost mutation: You have very sharp teeth. [Xom's mischief]
 35366 | Vaults:2 | Lost mutation: You are resistant to electric shocks.
                  | (rElec) [Xom's mischief]
 35366 | Vaults:2 | Lost mutation: You possess an exceptional clarity of mind.
                  | [Xom's mischief]
 35389 | Vaults:2 | XOM: swap monsters
 35400 | Vaults:2 | Reached skill level 23 in Fighting
 35411 | Vaults:2 | XOM: cast spell 'Summon Hydra'
 35430 | Vaults:2 | XOM: silly message
 35439 | Vaults:2 | XOM: enchant monster (good)
 35443 | Vaults:2 | XOM: enchant monster (good)
 35464 | Vaults:2 | XOM: confuse monster(s)
 35477 | Vaults:2 | XOM: summons 1 hostile shadow creature
 35517 | Vaults:2 | Reached XP level 20. HP: 182/203 MP: 17/17
 35522 | Vaults:2 | XOM: summons 6 hostile demons
 35599 | Vaults:2 | XOM: enchant monster (bad)
 35661 | Vaults:2 | XOM: stat loss: -1 Dex (11/12)
 35670 | Vaults:2 | XOM: destruction
 35896 | Vaults:2 | XOM: cloud trail
 36277 | Vaults:3 | XOM: summons 2 friendly demons
 36326 | Vaults:3 | XOM: summons friendly quasit
 36329 | Vaults:3 | XOM: polymorph wizard -> death drake
 36346 | Vaults:3 | XOM: cast spell 'Summon Dragon'
 36417 | Vaults:3 | XOM: god gift: 5 atropa-tipped darts
 36506 | Vaults:3 | XOM: give mutations
 36506 | Vaults:3 | Gained mutation: You have a somewhat thin skeletal
                  | structure. (Dex +2, Stealth+) [Xom's mischief]
 36506 | Vaults:3 | Gained mutation: You are robust. (+10% HP) [Xom's mischief]
 36506 | Vaults:3 | Lost mutation: You have a somewhat thin skeletal structure.
                  | (Dex +2, Stealth+) [Xom's mischief]
 36589 | Vaults:3 | XOM: summons friendly quasit
 36654 | Vaults:3 | XOM: summons 2 friendly demons
 36887 | Vaults:3 | XOM: confuse monster(s)
 37229 | Vaults:3 | XOM: chaos upgrade
 37423 | Vaults:1 | XOM: divination: magic mapping
 38097 | Vaults:3 | Noticed Nikola
 38106 | Vaults:3 | Killed Nikola
 38211 | Vaults:3 | XOM: confuse monster(s)
 38391 | Vaults:3 | Found a staircase to the Crypt.
 38473 | Vaults:3 | Reached skill level 24 in Fighting
 38600 | Vaults:4 | XOM: scenery: 2 doors open, 2 doors close
 38601 | Vaults:4 | XOM: summons friendly white imp
 38861 | Vaults:4 | Noticed Sojobo
 38868 | Vaults:4 | Sojobo changed into Sojobo the shard shrike
 38868 | Vaults:4 | Noticed Sojobo
 38868 | Vaults:4 | XOM: polymorph Sojobo -> Sojobo the shard shrike
 38941 | Vaults:4 | Reached skill level 15 in Dodging
 38954 | Vaults:4 | XOM: divination: detect items
 38979 | Vaults:4 | XOM: silly message
 38983 | Vaults:4 | XOM: potion effect (haste)
 38996 | Vaults:4 | XOM: summons friendly crimson imp
 39089 | Vaults:4 | XOM: potion effect (curing)
 39096 | Vaults:4 | XOM: potion effect (invisibility)
 39162 | Vaults:4 | XOM: fake destruction
 39165 | Vaults:4 | XOM: summons friendly shadow imp
 39169 | Vaults:4 | XOM: summons 6 friendly demons
 39430 | Vaults:4 | Reached XP level 21. HP: 205/236 MP: 17/17
 39584 | Vaults:4 | Found a runed translucent gate.
 39584 | Vaults:4 | Found a runed translucent gate.
 39584 | Vaults:4 | Found an opulent altar of Gozag.
 39584 | Vaults:4 | Found a runed translucent gate.
 39585 | Vaults:4 | Noticed Quini's ghost (adept DjFE)
 39586 | Vaults:4 | Found Yhahuum's Assorted Antiques.
 39739 | Vaults:4 | Killed Sojobo the shard shrike
 40064 | Vaults:5 | Entered Level 5 of the Vaults
 40070 | Vaults:5 | Reached skill level 25 in Fighting
 40070 | Vaults:5 | Noticed a golden dragon
 40209 | Vaults:5 | Noticed Margery
 40304 | Vaults:5 | Noticed a golden dragon
 40309 | Vaults:4 | XOM: silly message
 40317 | Vaults:4 | Killed Margery
 40336 | Vaults:4 | Killed a golden dragon
 40339 | Vaults:4 | XOM: chaos upgrade
 40366 | Vaults:5 | XOM: confusion (+ monsters)
 40369 | Vaults:5 | XOM: chaos cloud
 40369 | Vaults:5 | XOM: butterfly on damage
 40492 | Vaults:5 | XOM: chaos upgrade
 40508 | Vaults:5 | XOM: confusion
 40509 | Vaults:5 | XOM: fake destruction
 40522 | Vaults:4 | Killed a golden dragon
 40550 | Vaults:4 | XOM: divination: detect creatures
 40578 | Vaults:4 | XOM: summons 7 friendly demons
 40590 | Vaults:5 | XOM: potion effect (brilliance)
 40618 | Vaults:5 | XOM: 6-stop teleportation journey
 40638 | Vaults:5 | XOM: potion effect (might)
 40676 | Vaults:5 | XOM: cast spell 'Olgreb's Toxic Radiance'
 40677 | Vaults:5 | XOM: divination: magic mapping
 40681 | Vaults:5 | XOM: confuse monster(s)
 40685 | Vaults:5 | Reached skill level 15 in Shields
 40722 | Vaults:5 | XOM: silly message
 40815 | Vaults:5 | Noticed a dread lich
 40818 | Vaults:5 | XOM: silly message
 40830 | Vaults:5 | XOM: potion effect (heal wounds)
 40843 | Vaults:5 | XOM: potion effect (brilliance)
 40850 | Vaults:5 | Killed a dread lich
 40952 | Vaults:5 | XOM: potion effect (invisibility)
 41178 | Vaults:5 | Identified the +5 long sword "Ivululel" {flame, rPois}
 41179 | Vaults:5 | Identified the ring of Pybiq {rN+ MP+9}
 41274 | Vaults:5 | XOM: potion effect (haste)
 41358 | Vaults:5 | Found Koet's Assorted Antiques.
 41367 | Vaults:5 | Got Ototehuh's Papyrus of the Excruciating Figure
 41548 | Vaults:5 | XOM: chaos upgrade
 41550 | Vaults:5 | XOM: chaos cloud
 41552 | Vaults:5 | XOM: polymorph tentacled monstrosity -> hellephant
 41555 | Vaults:5 | XOM: noise
 41557 | Vaults:5 | Reached skill level 26 in Fighting
 41557 | Vaults:5 | Reached XP level 22. HP: 225/250 MP: 8/18
 41557 | Vaults:5 | XOM: swap monsters
 41558 | Vaults:5 | XOM: divine lightning
 41565 | Vaults:5 | XOM: blink monster(s)
 41567 | Vaults:5 | XOM: summons 4 hostile demons
 41741 | Vaults:5 | XOM: noise
 41751 | Vaults:5 | Identified the +6 morningstar of Barnacled Tender Mercy
                  | {flame, rF- Str+2 Int+2 Dex+5}
 41832 | Vaults:5 | Got a silver rune of Zot
 41837 | Vaults:5 | Identified the +4 chain mail "Zaudaes" {rPois rC+ SInv}
 41842 | Vaults:5 | XOM: give mutations
 41842 | Vaults:5 | Gained mutation: Your body sometimes deteriorates upon
                  | taking damage. [Xom's mischief]
 41842 | Vaults:5 | Lost mutation: You have a pair of large horns on your head.
                  | [Xom's mischief]
 41842 | Vaults:5 | Lost mutation: You are very clumsy. (Dex -4) [Xom's
                  | mischief]
 41866 | Vaults:5 | Identified the +7 morningstar of Syeh {protect, Drain rElec
                  | rPois rN++}
 42414 | Elf:1    | Entered Level 1 of the Elven Halls
 42420 | Elf:1    | Paralysed by an air elemental for 1 turns
 42453 | Elf:1    | XOM: potion effect (invisibility)
 42609 | Elf:1    | XOM: silly message
 42686 | Elf:1    | Noticed Donald
 42702 | Elf:1    | Killed Donald
 42713 | Elf:1    | Identified the +5 war axe of Fuawyekk {drain, MP+9 Str+3}
 42714 | Elf:1    | XOM: potion effect (haste)
 42815 | Elf:1    | XOM: polymorph deep elf pyromancer -> shapeshifter
 42817 | Elf:1    | Paralysed by an air elemental for 1 turns
 43005 | Elf:1    | XOM: divination: magic mapping
 43354 | Elf:2    | XOM: potion effect (invisibility)
 43355 | Elf:2    | XOM: 3-stop teleportation journey
 43397 | Elf:2    | Noticed Agnes
 43399 | Elf:2    | Paralysed by an air elemental for 1 turns
 43405 | Elf:2    | Killed Agnes
 43514 | Elf:2    | Found a runed translucent gate.
 43514 | Elf:2    | Found a runed translucent gate.
 43514 | Elf:2    | Found a runed translucent gate.
 43518 | Elf:2    | Noticed zibby's ghost (journeyman HOFi)
 43710 | Elf:2    | XOM: god gift: plate armour {god gift}
 43886 | Elf:2    | Found a runed translucent gate.
 43887 | Elf:2    | Found a runed translucent gate.
 43887 | Elf:2    | Found a runed translucent gate.
 43941 | Elf:2    | Found a viscous altar of Jiyva.
 43941 | Elf:2    | Found the +7 Spriggan's Knife {stab, EV+4 Stlth+}
 43953 | Elf:3    | Entered Level 3 of the Elven Halls
 44198 | D:7      | Killed Qestes's ghost
 44369 | Orc:2    | XOM: silly message
 44431 | Elf:1    | XOM: silly message
 44509 | Elf:3    | XOM: silly message
 44510 | Elf:3    | Paralysed by a floating eye for 4 turns
 44532 | Elf:3    | XOM: potion effect (brilliance)
 44533 | Elf:3    | XOM: potion effect (might)
 44708 | Elf:3    | XOM: cast spell 'Dispersal'
 44769 | Elf:2    | XOM: cast spell 'Summon Horrible Things'
 44792 | Elf:3    | XOM: confuse monster(s)
 44869 | Elf:3    | XOM: 3-stop teleportation journey
 44938 | Elf:3    | Found Jyekhlavi's Armour Shoppe.
 45215 | Elf:3    | Identified the +0 leather armour of Qicvat {rElec}
 45216 | Elf:3    | Identified the +6 battleaxe "Yqinedd" {drain, Will+}
 45228 | Elf:3    | Identified the amulet of Exkon Ilu {RegenMP rF- Dex+4}
 45229 | Elf:3    | XOM: cast spell 'Alistair's Intoxication'
 45426 | Elf:3    | XOM: summons 7 friendly demons
 45436 | Elf:3    | XOM: enchant monster (good)
 45444 | Elf:3    | XOM: chaos upgrade
 45446 | Elf:3    | XOM: swap monsters
 45487 | Elf:3    | Gained mutation: You are very clumsy. (Dex -4) [a
                  | cacodemon]
 45614 | Elf:3    | Lost mutation: Armour fits poorly on your strangely shaped
                  | body. [potion of mutation]
 45614 | Elf:3    | Lost mutation: Your body sometimes deteriorates upon taking
                  | damage. [potion of mutation]
 45614 | Elf:3    | Lost mutation: You are partially covered in iridescent
                  | scales. (AC +2) [potion of mutation]
 45614 | Elf:3    | Gained mutation: You occasionally lose the ability to drink
                  | potions when taking damage. [potion of mutation]
 45614 | Elf:3    | Gained mutation: You are partially covered in large bone
                  | plates. (SH +4) [potion of mutation]
 45615 | Elf:3    | Lost mutation: Your magical capacity is low. (-10% MP)
                  | [potion of mutation]
 45615 | Elf:3    | Lost mutation: You are robust. (+10% HP) [potion of
                  | mutation]
 45615 | Elf:3    | Lost mutation: Your flesh is heat resistant. (rF+) [potion
                  | of mutation]
 45615 | Elf:3    | Gained mutation: You possess an exceptional clarity of
                  | mind. [potion of mutation]
 45615 | Elf:3    | Gained mutation: You are partially covered in iridescent
                  | scales. (AC +2) [potion of mutation]
 45616 | Elf:3    | Lost mutation: You occasionally lose the ability to drink
                  | potions when taking damage. [potion of mutation]
 45616 | Elf:3    | Lost mutation: You are partially covered in iridescent
                  | scales. (AC +2) [potion of mutation]
 45616 | Elf:3    | Gained mutation: You occasionally lose the ability to drink
                  | potions when taking damage. [potion of mutation]
 45616 | Elf:3    | XOM: draining
 45617 | Elf:3    | Lost mutation: You are partially covered in large bone
                  | plates. (SH +4) [potion of mutation]
 45617 | Elf:3    | Lost mutation: You occasionally lose the ability to drink
                  | potions when taking damage. [potion of mutation]
 45617 | Elf:3    | Lost mutation: You possess an exceptional clarity of mind.
                  | [potion of mutation]
 45617 | Elf:3    | Lost mutation: You are very clumsy. (Dex -4) [potion of
                  | mutation]
 45652 | Elf:3    | XOM: noise
 45843 | Elf:3    | XOM: chaos upgrade
 45862 | Elf:3    | XOM: swap monsters
 45886 | Elf:3    | XOM: silly message
 45909 | Elf:3    | XOM: give mutation
 45909 | Elf:3    | Lost mutation: You are clumsy. (Dex -2) [Xom's grace]
 45914 | Elf:3    | XOM: enchant monster (bad)
 46112 | Elf:3    | XOM: summons 3 hostile shadow creatures
 46115 | Elf:3    | XOM: stat loss: -1 Int (8/9)
 46143 | Elf:3    | XOM: chaos upgrade
 46270 | Elf:3    | XOM: draining
 46271 | Elf:3    | XOM: polymorph deep elf demonologist -> great orb of eyes
 46272 | Elf:3    | XOM: chaos cloud
 46281 | Elf:3    | XOM: chaos cloud
 46290 | Elf:3    | XOM: chaos cloud
 46368 | Elf:3    | XOM: noise
 47083 | Elf:2    | XOM: cast spell 'Olgreb's Toxic Radiance'
 47099 | Elf:2    | XOM: blink monster(s)
 47226 | Elf:2    | XOM: summons 5 hostile demons
 47282 | Elf:2    | XOM: cast spell 'Summon Cactus Giant'
 47665 | Orc:2    | XOM: silly message
 47955 | Depths:2 | XOM: noise
 47991 | Depths:3 | Reached skill level 27 in Fighting
 48041 | Depths:3 | Reached XP level 23. HP: 240/240 MP: 22/22
 48084 | Depths:3 | XOM: confusion (+ monsters)
 48108 | Depths:3 | XOM: chaos upgrade
 48125 | Depths:3 | XOM: blink monster(s)
 48128 | Depths:3 | XOM: potion effect (curing)
 48153 | Depths:3 | XOM: divination: magic mapping
 48220 | Depths:3 | XOM: potion effect (invisibility)
 48408 | Depths:3 | Noticed a juggernaut
 48408 | Depths:3 | XOM: potion effect (might)
 48414 | Depths:3 | Killed a juggernaut
 48429 | Depths:3 | XOM: polymorph frost giant -> shadow dragon
 48437 | Depths:3 | XOM: silly message
 48564 | Depths:3 | XOM: 2-stop teleportation journey
 48636 | Depths:3 | XOM: give mutations
 48636 | Depths:3 | Gained mutation: Armour fits poorly on your strangely
                  | shaped body. [Xom's mischief]
 48636 | Depths:3 | Gained mutation: You occasionally lose the ability to read
                  | scrolls when taking damage. [Xom's mischief]
 48701 | Depths:3 | Noticed the Enchantress
 48710 | Depths:3 | XOM: summons 4 hostile demons
 48721 | Depths:3 | XOM: potion effect (brilliance)
 48735 | Depths:3 | XOM: silly message
 49142 | Depths:3 | Killed the Enchantress
 49155 | Depths:3 | XOM: divination: magic mapping
 49166 | Depths:3 | Lost mutation: You occasionally lose the ability to read
                  | scrolls when taking damage. [potion of mutation]
 49166 | Depths:3 | Lost mutation: Your spells are a little harder to cast, but
                  | a little more powerful. [potion of mutation]
 49166 | Depths:3 | Lost mutation: Armour fits poorly on your strangely shaped
                  | body. [potion of mutation]
 49166 | Depths:3 | Gained mutation: Your magical capacity is low. (-10% MP)
                  | [potion of mutation]
 49166 | Depths:3 | Gained mutation: You passively map a small area around you.
                  | [potion of mutation]
 49166 | Depths:3 | Gained mutation: You have hidden genetic potential. [potion
                  | of mutation]
 49181 | Depths:3 | XOM: summons 8 hostile demons
 49303 | Depths:3 | XOM: enchant monster (good)
 49347 | Depths:3 | XOM: destruction
 49483 | Depths:3 | XOM: cleaving
 49591 | Depths:3 | Found the macabre finger necklace {Finger+ rN+}
 49661 | Depths:3 | XOM: god gift: scroll of silence
 49775 | Depths:4 | Entered Level 4 of the Depths
 49803 | Depths:4 | Noticed Parghit
 49810 | Depths:4 | XOM: divine lightning
 49844 | Depths:4 | XOM: 1-stop teleportation journey
 50040 | Depths:4 | Noticed Vv
 50062 | Depths:4 | XOM: fake destruction
 50063 | Depths:4 | XOM: chaos cloud
 50064 | Depths:4 | Paralysed by you for 4 turns
 50066 | Depths:4 | HP: 2/240 [Vv (19)]
 50066 | Depths:4 | Mangled by Vv

Illustrated notes

Levels and vault maps discovered:
D:1:      dpeg_arrival_rhombus, layout_basic
D:2:      minmay_recursive_quarters, layout_basic,
          amcnicky_mini_rare_corridor_liquid
D:3:      layout_rooms, serial_shops, nicolae_shop_bloodbath_and_beyond
D:4:      layout_loops_cross
D:5:      layout_rooms, minmay_temple_entry_trees, cheibrodos_sewer_entry_bend
D:6:      layout_basic, nicolae_eternal_life, reono_crystal_passage,
          kennysheep_generic_room_11, uniq_duvessa, uniq_crazy_yiuf_cottage
D:7:      layout_loops_corners, elyvilon_altar_5, gammafunk_ghost_stat_death,
          serial_shops, nicolae_shop_trees, shop, nicolae_shop_crystal,
          nicolae_shop_crystal, nicolae_shop_firing_range
D:8:      layout_loops_ring, okawaru_metal_pillars_3, dpeg_oklobed_lair,
          uniq_maurice
D:9:      minmay_polygon_palace, layout_cave_pods, david_orc_4
D:10:     layout_basic, grunt_ministairs_4, minmay_fractal_squares_gapless_7,
          uniq_harold
D:11:     layout_loops_ring
D:12:     layout_loops_ring, nicolae_uskayaw_dance_hall, uniq_kirke, uniq_lodul
D:13:     layout_loops_ring
D:14:     layout_roguey, erik_vaults_2, hangedman_decor_opposing
D:15:     gammafunk_enter_depths_forms, layout_loops_corners, serial_shops,
          nicolae_shop_trees, cheibriados_altar_1
Lair:1:   layout_regular_city, infiniplex_staircase_pool_2
Lair:2:   layout_cave_pods, nicolae_snake_entry_squirm, grunt_megastairs_4
Lair:3:   layout_gridlike, skrybe_swamp_entry_bodies, uniq_josephine
Lair:4:   gammafunk_lair_enchanted_lake, layout_cave_pods,
          dpeg_slime_entry_corner, lemuel_fruit_tree
Lair:5:   hangedman_lair_tendril_chambers, layout_long_grid
Swamp:1:  layout_basic_swamp, hangedman_swamp_pad, swamp_pool1,
          nicolae_swamp_drake_lake
Swamp:2:  layout_basic_swamp, wheals_swamp_sinkhole, swamp_pool3, uniq_aizul,
          uniq_jorgrun
Swamp:3:  layout_basic_swamp, hangedman_swamp_cone, swamp_pool1,
          hangedman_swamp_blocks, beargit_elvish_explorers,
          infiniplex_staircase_pool, uniq_bai_suzhen
Swamp:4:  swamp_icy, layout_basic_swamp, swamp_pool4,
          nicolae_swamp_fairy_circle, uniq_louise
Snake:1:  layout_cave_shapes, nicolae_integral_box, minmay_shop_grove
Snake:2:  layout_gridlike
Snake:3:  layout_chambers, serial_shops, nicolae_shop_window_shopping
Snake:4:  snake_pit_salamanders_mu, layout_cave_town,
          nicolae_snake_gridmaze_waves
Orc:1:    layout_diamond_mine
Orc:2:    st_orc_ogre_mass, layout_caves, gauntlet_entry_generic,
          statue_in_the_mist_lemuel
Elf:1:    nicolae_elf_arrival_aired_out, layout_rooms, minivault_28, uniq_donald
Elf:2:    nicolae_elf_blades_crystal_corner, layout_loops_corners,
          gammafunk_ghost_ooze, minivault_27, minmay_misc_feat_rows, uniq_agnes
Elf:3:    elf_hall_gauntlet_wide, layout_gridlike, serial_shops, shop_fountains
Vaults:1: mu_enter_wizlab_3, grunt_vaults_diagonal, ontoclasm_vaults_eye,
          v_misc_10, vaults_dpeg_cross, vaults_mumra_hex,
          vaults_standard_mumra_lines, nicolae_vaults_specimen_jars,
          v_alt_pattern_2, layout_vaults_quadrants, serial_shops,
          bzr_in_the_mist
Vaults:2: v_rooms_2, hangedman_vaults_corner, vaults_room_grid,
          grunt_vaults_funnel, dpeg_vaults_monster_box, vaults_mumra_minichess,
          vaults_room_glass_cross, v_misc_22, hangedman_vaults_trim,
          ontoclasm_vaults_pinch, ontoclasm_vaults_ligature,
          layout_vaults_maze_bifur
Vaults:3: hangedman_vaults_corner_blocks, hangedman_vaults_variations, v_misc_5,
          nicolae_vaults_fighting_squares, nicolae_vaults_alarming,
          hangedman_vaults_cutoff, hangedman_vaults_nails, vaults_mumra_lcd,
          minmay_crypt_entry_simple_walls, nicolae_vaults_bisected_exclaves,
          nicolae_vaults_asterisk, ontoclasm_vaults_fault,
          nicolae_vaults_asterisk, nicolae_vaults_gold_heap,
          layout_vaults_omnicross, uniq_nikola
Vaults:4: ebering_ghost_gozag, v_misc_28, ontoclasm_vaults_loading_screen,
          hangedman_vaults_stagger, v_misc_16, ontoclasm_vaults_ring_small,
          st_lattice, v_pattern_3, nicolae_vaults_network_quinsquares
          [nicolae_vaults_network_quincunx_subvault,
          nicolae_vaults_network_quincunx_subvault,
          nicolae_vaults_network_quincunx_subvault,
          nicolae_vaults_network_quincunx_subvault], v_rooms_5,
          nicolae_vaults_triangles, vaults_dpeg_encased_lava,
          ontoclasm_vaults_hangar, layout_vaults_omnibox, uniq_sojobo
Vaults:5: uniq_margery
Depths:1: layout_honeycomb, enter_ziggurat_c, abyss_entry,
          nicolae_hell_entry_hellmouth_sunbeams, minmay_door_square,
          chequers_serial_rivers_room_a, chequers_serial_rivers_room_a,
          xom_confusion_cloud
Depths:2: minmay_bubble_buster, layout_gridlike, rand_demon_pan_entry_1,
          chequers_serial_rivers_large_a, pf_coc_iceberg, abyss_entry,
          chequers_decorated_corner, hangedman_decor_peaks_small
Depths:3: minmay_quarter_circles, layout_gridlike, rand_demon_pan_entry_9,
          kennysheep_cross_room, pf_hell_entry_great_geh, abyss_entry_crystal,
          laboratory, uniq_enchantress
Depths:4: grunt_zot_entry_alcove, layout_small_grid, pan_entry, hell_entry,
          minmay_misc_feat_tower, nzn_wu_jian_council_hall,
          serial_bayou_shore_a, grunt_megastairs_5, uniq_parghit, uniq_vv

Skill      XL: |  1  2  3  4  5  6  7  8  9 10 11 12 13 14 15 16 17 18 19 20 21 22 23 |
---------------+----------------------------------------------------------------------+-----
Long Blades    | 4 5 6 7 8 10 12 14 16 18 20 21 22 23 24 25 | 25.8
Fighting       | 4 5 6 7 9 10 11 12 14 16 17 19 20 21 23 24 26 27 | 27.0
Armour         | 3 4 5 6 7 8 10 11 13 15 16 17 18 19 20 21 22 23 | 23.3
Dodging        | 2 3 4 5 6 7 9 10 11 12 13 14 15 16 | 16.9
Evocations     | 1 |  1.2
Shields        | 1 3 6 8 10 11 13 15 18 20 | 20.6

Action                     |  1- 3 |  4- 6 |  7- 9 | 10-12 | 13-15 | 16-18 | 19-21 | 22-24 || total
---------------------------+-------+-------+-------+-------+-------+-------+-------+-------++-------
  Melee: Falchion          |    74 |    50 |       |       |       |       |       |       ||   124
         Headbutt          |    13 |    25 |    40 |    82 |   205 |   356 |   530 |   401 ||  1652
         Long sword        |       |   141 |   188 |   120 |     4 |       |       |       ||   453
         Kick              |       |    47 |    83 |   134 |   320 |   456 |       |       ||  1040
         Punch             |       |       |     1 |       |       |       |       |       ||     1
         Great sword       |       |       |       |   296 |   264 |       |       |       ||   560
         Demon blade       |       |       |       |       |   540 |  1355 |  1611 |  1312 ||  4818
         Bite              |       |       |       |       |       |    28 |    74 |       ||   102
  Evoke: Piece from Xom's  |    12 |    12 |     3 |     1 |       |       |       |       ||    28
         Wand              |       |       |       |       |     4 |    17 |     1 |     3 ||    25
    Use: Scroll            |       |     8 |    15 |     7 |    12 |    19 |     8 |    12 ||    81
         Potion            |       |     2 |       |       |     2 |     9 |     3 |     8 ||    24
   Stab: Petrified         |     1 |     6 |    15 |     2 |     1 |       |     1 |       ||    26
         Petrifying        |     1 |       |     2 |       |       |       |     1 |       ||     4
         Confused          |     1 |       |       |     1 |     5 |    21 |     7 |     5 ||    40
         Paralysed         |       |     2 |       |       |       |     1 |       |     1 ||     4
         Sleeping          |       |       |     1 |       |       |     1 |       |     1 ||     3
         Distracted        |       |       |       |       |     2 |     2 |     3 |       ||     7
         Invisible         |       |       |       |       |       |       |    21 |    14 ||    35
 Armour: Leather armour    |    19 |    60 |    35 |       |       |       |       |       ||   114
         Ring mail         |       |       |    14 |   183 |       |       |       |       ||   197
         Plate armour      |       |       |       |    27 |   365 |   565 |   356 |       ||  1313
         Gold dragon scale |       |       |       |       |       |       |   121 |   607 ||   728
  Dodge: Dodged            |    49 |   111 |   107 |   389 |   360 |   729 |   533 |   563 ||  2841
         Repelled          |       |       |     1 |     4 |     5 |    43 |    12 |    25 ||    90
  Block: Other             |       |       |       |    21 |       |       |       |       ||    21
         Buckler           |       |       |       |       |    39 |   393 |   233 |       ||   665
         Kite shield       |       |       |       |       |       |       |   314 |   919 ||  1233

Table legend: (Time is in decaauts)
 A = Elapsed time spent in this place.
 B = Non-inter-level travel time spent in this place.
 C = Inter-level travel time spent in this place.
 D = Time resting spent in this place.
 E = Time spent auto-exploring this place.
 F = Levels seen in this place.
 G = Mean time per level.
                   A        B        C        D        E       F      G
               +--------+--------+--------+--------+--------+-----+--------+
         Total |  48789 |  43373 |   5416 |   4287 |  28453 |  46 | 1060.6 |
       Dungeon |  14803 |  12631 |   2172 |    487 |   9788 |  15 |  986.9 |
          Lair |   5532 |   4921 |    611 |    379 |   3700 |   5 | 1106.4 |
         Swamp |   4412 |   4148 |    264 |    805 |   2081 |   4 | 1103.0 |
     Snake Pit |   4068 |   3899 |    169 |    306 |   2715 |   4 | 1017.0 |
  Orcish Mines |   1619 |   1154 |    465 |     44 |    905 |   2 |  809.5 |
   Elven Halls |   4620 |   4229 |    391 |   1177 |   1772 |   3 | 1540.0 |
        Vaults |   7567 |   6682 |    885 |    641 |   4047 |   5 | 1513.4 |
        Depths |   5037 |   4581 |    456 |    258 |   3056 |   4 | 1259.2 |
        Bazaar |     50 |     50 |      0 |      0 |     24 |   1 |   50.0 |
         Sewer |    271 |    271 |      0 |     77 |    100 |   1 |  271.0 |
        Wizlab |    370 |    370 |      0 |    101 |     98 |   1 |  370.0 |
      Gauntlet |    435 |    435 |      0 |      9 |    164 |   1 |  435.0 |
               +--------+--------+--------+--------+--------+-----+--------+

Top non-repeatable levels by time:
   Elf:3: 2351 daAuts
Depths:2: 1905 daAuts
Vaults:4: 1817 daAuts
Vaults:3: 1750 daAuts
     D:9: 1676 daAuts
  Lair:4: 1637 daAuts
   Elf:2: 1515 daAuts
 Swamp:4: 1508 daAuts
Depths:3: 1464 daAuts
Vaults:1: 1451 daAuts
Depths:1: 1421 daAuts
Vaults:5: 1407 daAuts
 Snake:4: 1399 daAuts
 Snake:3: 1316 daAuts
    D:15: 1294 daAuts
